AoeStats
← Tavik

African Clearing

505337102Analyzed
2v2 RM · 23d ago on Sep 8, 2026· 25m 8s· 4 players
Game mode
Random Map
Map size
Medium (4 player)
Population
200
Speed
Normal
Resources
Standard
Victory
Conquest
Starting age
Dark Age
Ending age
Imperial Age
RankedLock teamsTeams togetherTeam positionsShared explorationLock speedFull tech treeHidden civsTurbo modeCheats
Victory
Defeat
🇨🇿 Jurchens · Czechia
1370
+15
🇨🇿 Spanish · Czechia
1297
+18
🇨🇱 Britons · Chile
1361
-17
🇲🇽 Wei · Mexico
1324
-16
Melioth
4:57 Loom
14:01 Feudal Age
18:22 Horse Collar
22:17 Castle Age
20:37 Stone Mining
21:13 Double-Bit Axe
23:15 Gold Mining
Tavik
9:36 Loom
12:10 Feudal Age
15:03 Forging
15:19 Scale Barding Armor
17:09 Horse Collar
22:06 Castle Age
22:52 Bloodlines
22:09 Light Cavalry
22:50 Husbandry
24:49 Chain Barding Armor
youtube.com/@Radio_Latex
3:24 Loom
12:18 Feudal Age
13:18 Double-Bit Axe
13:33 Horse Collar
LEÑA
6:28 Loom
13:39 Feudal Age
14:17 Double-Bit Axe
18:21 Fletching
22:37 Padded Archer Armor
25:43 Castle Age
Connection lost

Rejoining the realm…

Still unreachable

The connection could not be restored.

Session expired

The server has moved on; the page needs a fresh start.